 Dungeon Crawl Stone Soup version 0.19.1-1-g22dce08 (webtiles) character file.

5686 MovingMist the Nimble (level 10, 45/66 HPs)
             Began as a Gargoyle Fighter on Jan 20, 2017.
             Was a Priest of Ru.
             Quit the game on level 9 of the Dungeon.
             The game lasted 00:23:35 (6902 turns).

MovingMist the Nimble (Gargoyle Fighter)            Turns: 6902, Time: 00:23:36

Health: 45/66      AC: 20    Str: 20    XL:     10   Next: 75%
Magic:  10/10      EV:  9    Int:  9    God:    Ru [***...]
Gold:   540        SH:  9    Dex: 12    Spells: 0 memorised, 9 levels left

rFire  + . .     SeeInvis .     e - +2 whip (elec)
rCold  x x .     Gourm    .     I - +0 chain mail
rNeg   + . .     Faith    .     c - +0 shield
rPois  ∞         Spirit   .     (helmet restricted)
rElec  +         Reflect  .     s - +0 cloak
rCorr  .         Harm     .     (no gloves)
MR     .....                    x - +2 pair of boots
Stlth  ..........               (no amulet)
                                b - ring of fire
                                y - ring of protection from fire

@: no status effects
A: horns 1, blurry vision 1, negative energy resistance 1, electricity
resistance, unbreathing, petrification resistance, rot immunity, MP-powered
wands, temperature sensitive, AC +7
a: Draw Out Power, Renounce Religion


You were on level 9 of the Dungeon.
You worshipped Ru.
Ru was most pleased with you.
You were not hungry.

You visited 2 branches of the dungeon, and saw 10 of its levels.
You also visited: Sewer.

You collected 540 gold pieces.

Inventory:

Hand Weapons
 e - a +2 whip of electrocution (weapon)
Armour
 c - a +0 shield (worn)
 s - a +0 cloak (worn)
 x - a +2 pair of boots (worn)
 I - a +0 chain mail (worn)
Jewellery
 b - a ring of fire (right hand)
 g - the ring of Zuar Jer {rPois rC+ MR++ Str-2 SInv}
   (You found it on level 7 of the Dungeon)

   [ring of see invisible]

   It affects your strength (-2).
   It protects you from cold.
   It protects you from poison.
   It affects your resistance to hostile enchantments.
   It lets you see invisible.
 y - a ring of protection from fire (left hand)
Wands
 q - a wand of enslavement (14/24)
 w - a wand of disintegration (14/24)
 M - a wand of lightning (5/15)
Scrolls
 a - 2 scrolls of teleportation {unknown}
 j - 13 scrolls of remove curse {unknown}
 k - 2 scrolls of immolation {unknown}
 l - 4 scrolls of magic mapping {unknown}
 m - 3 scrolls of enchant armour {unknown}
 o - 4 scrolls of identify {unknown}
 v - 2 scrolls of enchant weapon {unknown}
 F - 2 scrolls of amnesia {unknown}
 G - a scroll of blinking {unknown}
Potions
 d - a potion of might
 i - 4 potions of mutation {unknown}
 n - a potion of agility {unknown}
 p - 2 potions of haste {unknown}
 r - 3 potions of brilliance {unknown}
 t - a potion of berserk rage
 u - 3 potions of curing {unknown}
 z - a potion of degeneration {unknown}
 A - a potion of magic {unknown}
 B - 3 potions of heal wounds {unknown}
 C - a potion of cancellation {unknown}
 E - a potion of invisibility {unknown}
 H - 2 potions of resistance {unknown}
 L - a potion of lignification {unknown}
Comestibles
 f - 8 bread rations
 h - 3 meat rations
 J - 6 fruits


   Skills:
 + Level 9.1 Fighting
 + Level 8.2 Maces & Flails
 - Level 3.2 Armour
 * Level 9.4 Dodging
 - Level 3.2 Shields


You had 9 spell levels left.
You didn't know any spells.

Dungeon Overview and Level Annotations

Branches:
Dungeon (9/15)             Temple (1/1) D:7
   Lair: D:8-11         Orc: D:9-12

Altars:
Ashenzari
Cheibriados
Dithmenos
Elyvilon
Fedhas
Gozag
Hepliaklqana
Kikubaaqudgha
Makhleb
Nemelex Xobeh
Okawaru
Qazlal
Ru
Sif Muna
Uskayaw
Vehumet
Xom
Yredelemnul
Zin
The Shining One


Innate Abilities, Weirdness & Mutations

You are resistant to torment.
Your stone body is resilient. (AC +7)
You are immune to poison.
You resist negative energy. (rN+)
You are resistant to electric shocks. (rElec)
You can survive without breathing.
You are immune to petrification.
You are immune to rotting.
You are sensitive to extremes of temperature. (rF-, rC-)
You have a pair of small horns on your head.
Scrolls take you a little longer to read.
You expend magic power (3 MP) to strengthen your wands.


Message History

The wyvern bites you! You block the wyvern's attack.
You closely miss the wyvern.
The wyvern is severely wounded.
You block the wyvern's attack.
Your shield and chain mail prevent you from hitting the wyvern.
You headbutt the wyvern, but do no damage.
The wyvern is severely wounded.
You block the wyvern's attack.
You hit the wyvern.
There is a sudden explosion of sparks!
You kill the wyvern!
Welcome back, MovingMist the Gargoyle Fighter.
Ru says: Sacrifice that you might gain great power!
Press ? for a list of commands and other information.
Found a scroll labeled SISCHU LIUPE.
j - 13 scrolls labeled SISCHU LIUPE (gained 1) Unknown command.
Quiver which item? (- for none, * to show all) (? for menu, Esc to quit)
Okay, then.
Okay, then.
Are you sure you want to abandon this character and quit the game? (Confirm with "yes".)

######.###
#........#.
#..#
#..........
#.##
#........##
#.#
##.#######
#.# #....#
#.#
####.#####
#.#
#........#.
#.#
#...........
#.#
#..@.....#..
#.#
#........#
#.#
#........#
#.#
##########
#.# #)# #.#
#.# #.#


There were no monsters in sight!

Vanquished Creatures
  Erica (D:8)
  Pikel (D:8)
  Maurice (D:8)
  Joseph (D:8)
  A hornet (D:8)
  Prince Ribbit (D:8)
  Grinder (D:5)
  A wyvern (D:9)
  Menkaure (D:5)
  Purgy (Sewer)
  3 ice beasts
  An orc warrior (D:8)
  A sky beast (D:6)
  5 ogres
  2 centaurs
  6 bullfrogs
  A wyvern skeleton (D:6)
  A scorpion (D:8)
  9 killer bees (D:8)
  4 wights (D:8)
  3 crimson imps
  2 bullfrog zombies
  2 jellies
  Crazy Yiuf (D:3)
  4 orc wizards
  2 bullfrog skeletons
  Jessica (D:3)
  2 iguanas
  8 worker ants
  A worker ant zombie (D:5)
  A howler monkey skeleton (D:8)
  5 adders
  A shadow imp (D:6)
  An adder zombie (D:8)
  3 worms
  3 dart slugs
  3 leopard geckos
  24 orcs
  4 ball pythons
  11 giant cockroaches
  11 hobgoblins
  8 kobolds
  3 quokkas
  12 bats
  9 frilled lizards
  9 goblins
  A jackal skeleton (D:6)
  A leopard gecko zombie (D:8)
  A quokka skeleton (D:4)
  8 rats
188 creatures vanquished.

Vanquished Creatures (others)
  A slave (D:8)
  An iguana (D:8)
  An orc (D:6)
3 creatures vanquished.

Grand Total: 191 creatures vanquished

Notes
Turn   | Place    | Note
-------+----------+-------------------------------------------
     0 | D:1      | MovingMist the Gargoyle Fighter began the quest for the Orb.
     0 | D:1      | Reached XP level 1. HP: 14/14 MP: 1/1
   121 | D:1      | Reached XP level 2. HP: 19/19 MP: 2/2
   290 | D:1      | Reached skill level 1 in Dodging
   469 | D:1      | Reached XP level 3. HP: 24/24 MP: 3/3
   762 | D:2      | Found a hazy altar of Hepliaklqana.
  1286 | D:2      | Reached XP level 4. HP: 29/29 MP: 4/4
  1447 | D:3      | Found a runed door.
  1451 | D:3      | Noticed Crazy Yiuf
  1457 | D:3      | Killed Crazy Yiuf
  1496 | D:3      | Found a glowing drain.
  1519 | Sewer    | Entered a sewer
  1572 | Sewer    | Noticed Purgy
  1592 | Sewer    | Killed Purgy
  1592 | Sewer    | Reached XP level 5. HP: 21/34 MP: 5/5
  1747 | D:3      | Reached XP level 6. HP: 20/39 MP: 6/6
  2180 | D:3      | Noticed Jessica
  2186 | D:3      | Killed Jessica
  2505 | D:4      | Reached skill level 5 in Fighting
  2582 | D:4      | Found a radiant altar of Vehumet.
  2776 | D:4      | Got a translucent dagger
  2785 | D:4      | Identified the +6 dagger "Lacertilianslayer" {drain, *Contam rPois MR+ Int+7} (You found it on level 4 of the Dungeon)
  2808 | D:4      | Gained mutation: You expend magic power (3 MP) to strengthen your wands. [mutagenic glow]
  3063 | D:5      | Entered Level 5 of the Dungeon
  3067 | D:5      | Noticed an ice beast
  3078 | D:5      | Killed an ice beast
  3078 | D:5      | Reached XP level 7. HP: 29/44 MP: 7/7
  3198 | D:5      | Noticed Menkaure
  3223 | D:5      | Killed Menkaure
  3409 | D:5      | Noticed Grinder
  3429 | D:5      | Paralysed by Grinder for 4 turns
  3434 | D:5      | Killed Grinder
  3434 | D:5      | Reached XP level 8. HP: 17/51 MP: 8/8
  3575 | D:5      | Reached skill level 5 in Dodging
  3602 | D:5      | Found a burning altar of Makhleb.
  3849 | D:6      | Reached skill level 5 in Maces & Flails
  3916 | D:6      | Found a white marble altar of Elyvilon.
  3971 | D:6      | Found a hide-covered altar of Uskayaw.
  4182 | D:6      | Gained mutation: Scrolls take you a little longer to read. [mutagenic meat]
  4183 | D:6      | Gained mutation: You have a pair of small horns on your head. [mutagenic meat]
  4601 | D:7      | Got a translucent granite ring
  4602 | D:7      | Identified the ring of Zuar Jer {rPois rC+ MR++ Str-2 SInv} (You found it on level 7 of the Dungeon)
  4648 | D:7      | Reached XP level 9. HP: 34/57 MP: 9/9
  4701 | D:7      | Found a shattered altar of Ashenzari.
  4764 | D:7      | Found a staircase to the Ecumenical Temple.
  4819 | Temple   | Entered the Ecumenical Temple
  4920 | Temple   | Became a worshipper of Ru the Awakened
  5013 | D:7      | Found a glowing golden altar of the Shining One.
  5218 | D:8      | Found a shadowy altar of Dithmenos.
  5356 | D:8      | Noticed Joseph
  5385 | D:8      | Killed Joseph
  5699 | D:8      | Found an iron altar of Okawaru.
  5847 | D:8      | Reached XP level 10. HP: 53/64 MP: 10/10
  5931 | D:8      | Found a deep blue altar of Sif Muna.
  6056 | D:8      | Noticed Prince Ribbit
  6067 | D:8      | Noticed Erica
  6100 | D:8      | Killed Erica
  6111 | D:8      | Killed Prince Ribbit
  6139 | D:8      | Gained mutation: You are sensitive to extremes of temperature. (rF-, rC-) [Ru sacrifice]
  6139 | D:8      | Reached * piety under Ru
  6139 | D:8      | Reached ** piety under Ru
  6139 | D:8      | Reached *** piety under Ru
  6162 | D:8      | Noticed Maurice
  6165 | D:8      | Noticed Pikel
  6177 | D:8      | Killed Pikel
  6191 | D:8      | Killed Maurice
  6321 | D:8      | Found an opulent altar of Gozag.
  6902 | D:9      | Quit the game

Skill      XL: |  1  2  3  4  5  6  7  8  9 10 |
---------------+-------------------------------+-----
Dodging        | 1 2 3 4 6 8 9 |  9.4
Fighting       | 4 5 7 8 9 |  9.1
Maces & Flails | 3 4 5 7 8 |  8.2
Armour         | |  3.2
Shields        | |  3.2

Action                   |  1- 3 |  4- 6 |  7- 9 | 10-12 || total
-------------------------+-------+-------+-------+-------++-------
Melee: Flail             |    14 |       |       |       ||    14
       Whip              |   129 |   198 |   372 |   114 ||   813
       Headbutt          |       |       |    45 |    33 ||    78
Invok: Sacrifice Resista |       |       |       |     1 ||     1
 Stab: Distracted        |       |       |       |     1 ||     1
  Eat: Chunk             |     1 |     6 |    14 |     2 ||    23
       Beef jerky        |       |       |       |     1 ||     1
Armor: Scale mail        |   101 |   110 |    39 |       ||   250
       Chain mail        |       |       |   113 |    34 ||   147
Dodge: Dodged            |    47 |    73 |    89 |    14 ||   223
Block: Shield            |    96 |   105 |   124 |    31 ||   356
